 Dungeon Crawl Stone Soup version 0.23-a0-171-g5ae17c6 (webtiles) character file.

8881 Amnesiac the Frost Mage (level 11, -1/72 HPs)
             Began as a Mummy Ice Elementalist on Sept 12, 2018.
             Was an Elder of Vehumet.
             Slain by a yak (12 damage)
             ... on level 11 of the Dungeon.
             The game lasted 00:33:48 (13465 turns).

Amnesiac the Frost Mage (Mummy Ice Elementalist)   Turns: 13465, Time: 00:33:49

Health: -1/72      AC: 11    Str: 11    XL:     11   Next: 15%
Magic:  6/23       EV: 14    Int: 22    God:    Vehumet [****..]
Gold:   612        SH:  0    Dex: 23    Spells: 3/27 levels left

rFire    x . .     SeeInvis .   a - +1 falchion "Conservator" {speed, MR+ Int+4}
rCold    + + .     Gourm    .   (no shield)
rNeg     + + +     Faith    .   c - +0 acid dragon scales
rPois    ∞         Spirit   .   n - +3 hat of Limited Liability {+Inv MR+ Dex+6}
rElec    .         Reflect  .   i - +0 cloak
rCorr    +         Harm     .   g - +0 pair of gloves
MR       +++..                  (no boots)
Stlth    ++........             (no amulet)
HPRegen  0.22/turn              j - +4 ring of dexterity
MPRegen  0.18/turn              k - ring of protection from cold

@: slowed, very slow
A: no food or potions, fire vulnerability, cold resistance 1, negative energy
resistance 3, torment resistance, unbreathing
a: Renounce Religion, Evoke Invisibility


You were on level 11 of the Dungeon.
You worshipped Vehumet.
Vehumet was greatly pleased with you.
You were not hungry.

You visited 2 branches of the dungeon, and saw 12 of its levels.

You collected 612 gold pieces.

Inventory:

Hand Weapons
 a - the +1 falchion "Conservator" (weapon) {speed, MR+ Int+4}
   (You found it on level 4 of the Dungeon)

   Attacks with this weapon are significantly faster.
   It affects your intelligence (+4).
   It affects your resistance to hostile enchantments.
 b - a +6 short sword of venom
Armour
 c - +0 acid dragon scales (worn)
 g - a +0 pair of gloves (worn)
 i - a +0 cloak (worn)
 n - the +3 hat of Limited Liability (worn) {+Inv MR+ Dex+6}
   (You found it on level 8 of the Dungeon)

   It affects your dexterity (+6).
   It affects your resistance to hostile enchantments.
   It lets you turn invisible.
 o - a +2 leather armour of magic resistance
Jewellery
 j - a +4 ring of dexterity (left hand)
 k - a ring of protection from cold (right hand)
 p - a cursed +2 ring of protection {unknown}
Wands
 d - a wand of random effects (27)
 q - a wand of iceblast (11)
Scrolls
 e - 3 scrolls of amnesia {!r}
 f - a scroll of blinking {!r}
 h - 3 scrolls of remove curse {!r}
 l - 5 scrolls of magic mapping {!r}
 m - 5 scrolls of identify {!r}


   Skills:
 + Level 2.1 Fighting
 - Level 4.0 Dodging
 - Level 1.5 Stealth
 + Level 8.8 Spellcasting
 * Level 8.7 Conjurations
 * Level 8.8 Ice Magic
 - Level 4.0 Evocations


You had 3 spell levels left.
You knew the following spells:

 Your Spells              Type           Power        Failure   Level  Hunger
a - Throw Icicle          Conj/Ice       #####...     1%          4    N/A
c - Throw Flame           Conj/Fire      ####..       1%          2    N/A
d - Freeze                Ice            ####         1%          1    N/A
e - Mephitic Cloud        Conj/Pois/Air  ###.....     2%          3    N/A
f - Throw Frost           Conj/Ice       #####.       1%          2    N/A
s - Conjure Flame         Conj/Fire      ####....     1%          3    N/A
w - Freezing Cloud        Conj/Ice/Air   #####.....   36%         6    N/A
z - Ozocubu's Armour      Chrm/Ice       ####....     5%          3    N/A

Your spell library contained the following spells:

 Spells                   Type           Power        Failure   Level  Hunger
 Iskenderun's Mystic Bla  Conj           #####...     1%          4    N/A
 Poisonous Vapours        Pois/Air       #.....       16%         2    N/A
 Summon Ice Beast         Ice/Summ       ####....     17%         4    N/A
 Ring of Flames           Chrm/Fire      #.........   100%        7    N/A

Dungeon Overview and Level Annotations

Branches:
Dungeon (11/15)            Temple (1/1) D:7            Lair (0/6) D:10
    Orc: D:9-12

Altars:
Cheibriados
Fedhas
Gozag
Hepliaklqana
Kikubaaqudgha
Nemelex Xobeh
Okawaru
Ru
Sif Muna
Vehumet
Wu Jian
Zin
The Shining One

Shops:
D:4 (

Annotations:
D:9 stuff
D:11 Josephine


Innate Abilities, Weirdness & Mutations

You do not eat or drink.
Your flesh is vulnerable to fire.
You are immune to poison.
Your flesh is cold resistant. (rC+)
You are immune to negative energy. (rN+++)
You are immune to unholy pain and torment.
You can survive without breathing.


Message History

Confirm with . or Enter, or press ? or * to list all spells.
Okay, then.
The yak gores you!
Casting: Throw Icicle (safe; 1% risk of failure)
Confirm with . or Enter, or press ? or * to list all spells.
Aiming: Mephitic Cloud (safe; 2% risk of failure)
Press: ? - help, Shift-Dir - straight line, f - yak
Aim: a yak (moderately wounded)
The ball explodes into a vile cloud!
The stinking cloud engulfs the yak.
The yak is moderately wounded.
The stinking cloud engulfs the yak.
The stinking cloud engulfs you!
You hear a shout!
The yak is engulfed in noxious fumes.
The yak appears confused.
The yak is engulfed in noxious fumes.
The yak appears confused.
Unknown command.
Casting: Mephitic Cloud (safe; 2% risk of failure)
Confirm with . or Enter, or press ? or * to list all spells.
Aiming: Throw Icicle (safe; 1% risk of failure)
Press: ? - help, Shift-Dir - straight line, f/p - yak
Aim: a yak (noxious fumes, moderately wounded, confused)
The shard of ice hits the yak.
The yak is severely wounded.
The yak is engulfed in noxious fumes.
The yak appears confused.
The yak is engulfed in noxious fumes.
The yak appears confused.
Unknown command.
Casting: Throw Icicle (safe; 1% risk of failure)
Confirm with . or Enter, or press ? or * to list all spells.
Aiming: Throw Icicle (safe; 1% risk of failure)
Press: ? - help, Shift-Dir - straight line, f/p - yak
Aim: a yak (noxious fumes, severely wounded, confused)
The shard of ice hits the yak.
You kill the yak!
Vehumet accepts your kill.
You feel your power returning.
The yak is engulfed in noxious fumes.
The yak appears confused.
The yak closely misses the yak.
Unknown command.
Okay, then.
The yak is engulfed in noxious fumes.
The yak appears confused.
The yak closely misses the yak.
There is an open door here.
The yak is engulfed in noxious fumes.
The yak appears confused.
Josephine closely misses you. Josephine hits you with a dagger.
Josephine hits you but does no damage. The wraith hits you.
The wraith drains your vigour!
You feel yourself slow down.
You hit the wraith but do no damage. Josephine barely misses you.
The wraith hits you but does no damage.
Unknown command.
Josephine closely misses you.
You riposte.
You hit Josephine.
Josephine is lightly wounded.
Josephine points at you and mumbles some strange words.
You convulse!
Ouch! That really hurt!
* * * LOW HITPOINT WARNING * * *
The wraith hits you.
* * * LOW HITPOINT WARNING * * *
The wraith drains your vigour!
You feel as though you will be slow longer.
The yak gores the yak.
The wraith barely misses you. Josephine hits you with a dagger.
* * * LOW HITPOINT WARNING * * *
The yak gores you!
You die...

.......####...........#
..........#...........#
....>..##.#...........#
.......##.#...........#
.).....##.'.....Y.....#
####†######...........#
#...# #....W......#
#.### #....@Y.....# #[#
######@###### #.# #..#
##'###### #.##
.(.......# #+
........!# .........#
.(.......+ .........#
.........#


You could see Josephine, 2 yaks and a wraith.

Vanquished Creatures
  Urug (D:11)
  An elephant (D:9)
  2 centaur skeletons
  A troll (D:7)
  Grinder (D:3)
  2 hippogriffs
  Sigmund (D:3)
  A spriggan (D:8)
  6 yaks
  A vampire (D:9)
  2 wraiths (D:11)
  The ghost of Arum the Slasher, an amateur MiGl (D:3)
  2 vampire mosquitoes (D:10)
  A basilisk (D:10)
  2 orc warriors
  2 sky beasts
  A black bear (D:3)
  3 ice beasts
  2 phantoms
  An ogre (D:4)
  3 centaurs
  A crocodile (D:10)
  2 big kobolds (D:10)
  5 bullfrogs
  A water moccasin skeleton (D:8)
  15 killer bees
  5 scorpions
  A wyvern skeleton (D:11)
  2 vampire bats (D:6)
  4 howler monkeys
  A crimson imp (D:7)
  A centaur zombie (D:8)
  2 jellies
  5 quasits
  3 bullfrog zombies
  5 orc priests
  A gnoll shaman (D:8)
  12 orc wizards
  2 hounds (D:9)
  Crazy Yiuf (D:2)
  2 iguanas
  Terence (D:2)
  11 worker ants
  A hound zombie (D:6)
  2 hound skeletons
  A howler monkey skeleton (D:5)
  Robin (D:2)
  10 adders
  5 gnolls (D:8)
  A shadow imp (D:6)
  2 oozes
  3 adder zombies
  4 adder skeletons
  A dart slug (D:1)
  7 leopard geckos
  52 orcs
  A ball python (D:3)
  2 bat skeletons (D:6)
  3 bat zombies (D:6)
  4 giant cockroaches
  15 goblins
  12 hobgoblins
  13 jackals
  7 quokkas
  4 bats
  7 frilled lizards
  A jackal skeleton (D:8)
  15 kobolds
  A leopard gecko skeleton (D:5)
  10 rats
305 creatures vanquished.

Vanquished Creatures (collateral kills)
  An orc (D:6)
1 creature vanquished.

Grand Total: 306 creatures vanquished

Notes
Turn   | Place    | Note
-------+----------+-------------------------------------------
     0 | D:1      | Amnesiac the Mummy Ice Elementalist began the quest for the
                  | Orb.
     0 | D:1      | Reached XP level 1. HP: 13/13 MP: 4/4
    89 | D:1      | Reached XP level 2. HP: 3/19 MP: 0/5
    98 | D:2      | Learned a level 2 spell: Throw Frost
   513 | D:2      | Found a runed door.
   629 | D:2      | Reached XP level 3. HP: 24/24 MP: 1/7
   634 | D:2      | Learned a level 3 spell: Ozocubu's Armour
   686 | D:2      | Noticed Robin
   716 | D:2      | Killed Robin
   883 | D:3      | Noticed a black bear
  1138 | D:4      | Reached XP level 4. HP: 30/30 MP: 5/9
  1177 | D:4      | Learned a level 4 spell: Throw Icicle
  1285 | D:4      | Found Xiysyl's Antique Weapon Shop.
  1334 | D:3      | Noticed Grinder
  1474 | D:5      | Entered Level 5 of the Dungeon
  1508 | D:4      | Noticed an ogre
  1514 | D:4      | Killed an ogre
  1514 | D:4      | Reached XP level 5. HP: 35/35 MP: 1/11
  1616 | D:4      | Noticed a phantom
  1635 | D:4      | Killed a phantom
  1635 | D:4      | Reached XP level 6. HP: 17/41 MP: 0/13
  1641 | D:4      | Learned a level 4 spell: Summon Ice Beast
  2257 | D:4      | Got a smoking falchion
  2258 | D:4      | Identified the cursed +1 falchion "Conservator" {speed, MR+
                  | Int+4} (You found it on level 4 of the Dungeon)
  2276 | D:5      | Reached skill level 5 in Spellcasting
  2276 | D:5      | Reached skill level 5 in Ice Magic
  2663 | D:5      | Reached XP level 7. HP: 23/46 MP: 13/16
  2945 | D:6      | Reached skill level 1 in Conjurations
  3080 | D:6      | Reached skill level 1 in Evocations
  3148 | D:6      | HP: 2/46 [orc/club (5)]
  3526 | D:6      | Reached XP level 8. HP: 4/52 MP: 2/17
  5183 | D:7      | Noticed a hippogriff
  5186 | D:7      | Killed a hippogriff
  5257 | D:7      | Found a staircase to the Ecumenical Temple.
  5264 | Temple   | Entered the Ecumenical Temple
  5324 | Temple   | Became a worshipper of Vehumet
  5345 | D:7      | Got a faintly glowing war axe
  5346 | D:7      | Identified the +5 war axe "Raisin" {freeze, rC+ Dex+3} (You
                  | found it on level 7 of the Dungeon)
  5788 | D:2      | Reached skill level 5 in Conjurations
  5823 | D:2      | Noticed Terence
  5829 | D:2      | Killed Terence
  6082 | D:2      | Noticed Crazy Yiuf
  6083 | D:2      | Killed Crazy Yiuf
  6789 | D:3      | Reached * piety under Vehumet
  6789 | D:3      | Offered knowledge of Sting by Vehumet.
  6868 | D:3      | Killed Grinder
  6868 | D:3      | Reached XP level 9. HP: 43/57 MP: 2/18
  6956 | D:3      | Noticed Sigmund
  6964 | D:3      | Killed Sigmund
  7145 | D:3      | Found a transporter.
  7146 | D:3      | Noticed Arum's ghost (amateur MiGl)
  7158 | D:3      | Found a transporter.
  7677 | D:3      | Killed Arum's ghost
  7856 | D:6      | Found an ancient bone altar of Kikubaaqudgha.
  7968 | D:7      | Noticed a troll
  7972 | D:7      | Killed a troll
  7987 | D:7      | Offered knowledge of Throw Flame by Vehumet.
  8004 | D:7      | Reached ** piety under Vehumet
  8191 | D:7      | Learned a level 2 spell: Throw Flame
  8397 | D:8      | Learned a level 3 spell: Mephitic Cloud
  8639 | D:8      | Offered knowledge of Stone Arrow by Vehumet.
  8680 | D:8      | Found an iron altar of Okawaru.
  9075 | D:8      | Reached *** piety under Vehumet
  9090 | D:8      | Learned a level 3 spell: Conjure Flame
  9180 | D:8      | HP: 2/57 [phantom (2)]
  9471 | D:8      | Reached XP level 10. HP: 63/63 MP: 5/20
  9501 | D:8      | Found a sparkling altar of Nemelex Xobeh.
  9502 | D:8      | Got a steaming hat
  9514 | D:8      | Identified the +3 hat of Limited Liability {+Inv MR+ Dex+6}
                  | (You found it on level 8 of the Dungeon)
  9518 | D:8      | Found a snail-covered altar of Cheibriados.
  9523 | D:8      | Found a hazy altar of Hepliaklqana.
  9978 | D:9      | Offered knowledge of Fulminant Prism by Vehumet.
 10397 | D:10     | Entered Level 10 of the Dungeon
 10457 | D:10     | HP: 3/63 [killer bee (5)]
 10959 | D:10     | Noticed an elephant
 11220 | D:9      | Killed an elephant
 11506 | D:10     | Learned a level 4 spell: Fulminant Prism
 11514 | D:10     | Learned a level 6 spell: Freezing Cloud
 11563 | D:10     | Found a staircase to the Lair.
 11828 | D:10     | Reached **** piety under Vehumet
 11966 | D:10     | Reached skill level 1 in Fighting
 12039 | D:10     | Offered knowledge of Iskenderun's Mystic Blast by Vehumet.
 12496 | D:11     | Noticed Urug
 12509 | D:11     | Killed Urug
 12509 | D:11     | Reached XP level 11. HP: 29/71 MP: 3/23
 13009 | D:11     | Noticed Josephine
 13465 | D:11     | Slain by a yak

Vault maps used:
D:1:      dpeg_arrival_simpleton_b, hangedman_decor_riveting, minmay_tromino_i4
D:2:      first_ration, uniq_robin, uniq_terence, uniq_crazy_yiuf_cottage
D:3:      gammafunk_ghost_stat_death, uniq_sigmund, uniq_grinder
D:4:      serial_shops, nicolae_shop_crystal
D:6:      kennysheep_vampire_church, nrook_mini_backslash
D:7:      minmay_temple_entry_overgrown
D:8:      kennysheep_blocky_hall, minmay_overflow_temple_star_quad,
          grunt_pizzeria, minivault_1, st_stairs_14, kennysheep_okawaru_gauntlet
D:9:      minmay_weird_star
D:10:     david_lair_generic, minmay_misc_feat_columns
D:11:     kennysheep_orc_monster_closet_entryway, uniq_urug, uniq_snorg,
          uniq_josephine
Temple:   hc_temple_tempest_star

Skill      XL: |  1  2  3  4  5  6  7  8  9 10 11 |
---------------+----------------------------------+-----
Ice Magic      | 3 4 6 7 8 |  8.8
Spellcasting   | 3 4 6 7 8 |  8.8
Conjurations   | 2 5 7 8 |  8.7
Evocations     | 1 3 4 |  4.0
Dodging        | 3 4 |  4.0
Fighting       | 1 2 |  2.1
Stealth        | |  1.5

Action                   |  1- 3 |  4- 6 |  7- 9 | 10-12 || total
-------------------------+-------+-------+-------+-------++-------
Melee: Short sword       |    21 |    29 |       |       ||    50
       Falchion          |       |    27 |   289 |    68 ||   384
 Cast: Freeze            |    39 |    18 |   101 |    90 ||   248
       Throw Frost       |     1 |     3 |    96 |    47 ||   147
       Ozocubu's Armour  |       |     1 |     2 |       ||     3
       Throw Icicle      |       |     1 |    66 |   104 ||   171
       Summon Ice Beast  |       |       |     1 |       ||     1
       Mephitic Cloud    |       |       |       |     3 ||     3
Evoke: Wand              |       |       |    16 |    12 ||    28
  Use: Scroll            |       |     5 |     9 |     4 ||    18
 Stab: Sleeping          |     2 |     2 |     1 |       ||     5
       Distracted        |     1 |       |       |     1 ||     2
       Paralysed         |       |       |       |     8 ||     8
Armor: Robe              |     5 |    14 |   154 |    57 ||   230
       Acid dragon scale |       |       |       |     7 ||     7
       Leather armour    |       |       |       |     1 ||     1
Dodge: Dodged            |    21 |    45 |   339 |   230 ||   635
       Rpst.: Falchion   |       |    10 |    95 |    57 ||   162

Table legend:
 A = Non-vault XP
 B = Vault XP
 C = Vault XP percentage of total XP
 D = Non-vault monster count
 E = Vault monster count
 F = Vault count percentage of total count
                 A         B        C        D         E       F
            +---------+---------+-------+---------+---------+-------
      Total |    9003 |    3685 |  29.0 |     264 |      42 |  13.7
            +---------+---------+-------+---------+---------+-------
        D:1 |      43 |       7 |  14.0 |      21 |       4 |  16.0
        D:2 |      39 |     102 |  72.3 |      17 |      10 |  37.0
        D:3 |     215 |     886 |  80.5 |      29 |       7 |  19.4
        D:4 |     394 |       0 |   0.0 |      14 |       0 |   0.0
        D:5 |     737 |       0 |   0.0 |      17 |       0 |   0.0
        D:6 |     750 |     125 |  14.3 |      25 |       7 |  21.9
        D:7 |     924 |       0 |   0.0 |      16 |       0 |   0.0
        D:8 |    1169 |     329 |  22.0 |      41 |       7 |  14.6
        D:9 |     926 |     462 |  33.3 |      21 |       1 |   4.5
       D:10 |    2444 |     539 |  18.1 |      37 |       3 |   7.5
       D:11 |    1362 |    1235 |  47.6 |      26 |       3 |  10.3
            +---------+---------+-------+---------+---------+-------
